 Dungeon Crawl Stone Soup version 0.20-a0-2-g2b0e13a (webtiles) character file.

29 spe3d0 the Skirmisher (level 3, -1/29 HPs)
             Began as a Demonspawn Fighter on Oct 29, 2016.
             Slain by a goblin
             ... wielding a +0 club
             ... led by Robin
              (5 damage)
             ... on level 2 of the Dungeon.
             The game lasted 00:02:33 (1018 turns).

spe3d0 the Skirmisher (Demonspawn Fighter)          Turns: 1018, Time: 00:02:35

Health: -1/29      AC:  7    Str: 21    XL:     3   Next: 1%
Magic:  3/3        EV:  7    Int:  9    God:
Gold:   63         SH:  9    Dex: 13    Spells: 0 memorised, 2 levels left

rFire  . . .     SeeInvis .     a - +0 trident
rCold  + . .     Gourm    .     b - +0 scale mail
rNeg   . . .     Faith    .     c - +0 shield
rPois  .         Spirit   .     (no helmet)
rElec  .         Reflect  .     (no cloak)
rCorr  .         Harm     .     e - +0 pair of gloves
MR     .....                    (no boots)
Stlth  ..........               (no amulet)
                                (no ring)
                                (no ring)

@: mighty
A: cold resistance 1
a: no special abilities


You were on level 2 of the Dungeon.
You were hungry.

You visited 1 branch of the dungeon, and saw 2 of its levels.

You collected 63 gold pieces.


Innate Abilities, Weirdness & Mutations

Your flesh is cold resistant. (rC+)


   Skills:
 * Level 3.4 Fighting
 - Level 1.7 Polearms
 * Level 3.0 Armour
 * Level 3.2 Shields


You had 2 spell levels left.
You didn't know any spells.

Inventory:

Hand Weapons
 a - a +0 trident (weapon)
Armour
 b - a +0 scale mail (worn)
 c - a +0 shield (worn)
 e - a +0 pair of gloves (worn)
 n - a +0 robe
Jewellery
 k - an uncursed amulet of magic regeneration {unknown}
Scrolls
 i - a scroll of noise {unknown}
 j - a scroll of identify {unknown}
 l - 2 scrolls of fear {unknown}
 m - a scroll of remove curse {@r2}
Potions
 h - a potion of degeneration {unknown}
 o - a potion of cure mutation {unknown}
 p - 3 potions of curing {unknown}
Comestibles
 f - a bread ration {@e1}
 g - a slice of pizza {@e2}

Dungeon Overview and Level Annotations

Branches:
Dungeon (2/15)

Altars:

Annotations:
D:2 Robin

#.###.###.# #.# #.....#
... #.# #.###.#
#.##...#...##.. ..# ###
#.##+# #g##gg.#.......
### #.##.#
#.......!...... .. #.##.#
#.##........... #. #.##.#
#.##.......... ..
#..#.#####g##.......###..
#.
#......g@gg.............
.. ##.....###g.........#
#. #.#.#.###.....(.(..#
#. #.#..........[....##
.#
..#.#.######...#.##.###
.. .....#.#
#............... .#
......#.#
#.###..#.##.#### ..
.#.##.#.# # #..#... # #
#. #.# #..####.#


You could see Robin, a hobgoblin and 3 goblins.


Message History

You puncture the goblin!
You kill the goblin!
The goblin hits you with a club. x2
* * * LOW HITPOINT WARNING * * *
You impale the goblin!!
You kill the goblin!
You block the goblin's attack. The hobgoblin hits you.
* * * LOW HITPOINT WARNING * * *
Your shield prevents you from hitting the hobgoblin.
The goblin hits you with a club.
* * * LOW HITPOINT WARNING * * *
You block the hobgoblin's attack.
You impale the hobgoblin!!
You kill the hobgoblin!
You have reached level 3!
Your experience leads to an increase in your attributes!
Your base attributes are Str 16, Int 9, Dex 12.
Increase (S)trength, (I)ntelligence, or (D)exterity?
You feel agile.
Robin roars a battlecry!
The goblin goes into a battle-frenzy!
The goblin hits you but does no damage.
The hobgoblin hits you but does no damage.
You closely miss the goblin.
You are feeling hungry.
The goblin hits you with a club.
* * * LOW HITPOINT WARNING * * *
The hobgoblin hits you but does no damage.
The goblin hits you with a club.
You die...

Skill      XL: |  1  2 |
---------------+-------+-----
Shields        | 3 |  3.2
Armour         | 3 |  3.0
Fighting       | |  3.4
Polearms       | |  1.7

Action                   || total
-------------------------++-------
Melee: Trident           ||    85
  Use: Scroll            ||     4
       Potion            ||     1
Armor: Scale mail        ||    33
Dodge: Dodged            ||    20
Block: Shield            ||    43

Vault maps used:
D:1:      eino_arrival_cavern_b
D:2:      grunt_temple_overflow_open, uniq_robin

Notes
Turn   | Place    | Note
-------+----------+-------------------------------------------
     0 | D:1      | spe3d0 the Demonspawn Fighter began the quest for the Orb.
     0 | D:1      | Reached XP level 1. HP: 18/18 MP: 1/1
   346 | D:1      | Gained mutation: Your flesh is cold resistant. (rC+) [demonic ancestry]
   346 | D:1      | Reached XP level 2. HP: 24/24 MP: 2/2
   712 | D:1      | Reached skill level 3 in Shields
   994 | D:2      | Noticed Robin
  1007 | D:2      | Reached skill level 3 in Armour
  1017 | D:2      | Reached XP level 3. HP: 6/29 MP: 3/3
  1018 | D:2      | Slain by a goblin

Vanquished Creatures
  3 hobgoblins
  4 kobolds
  5 bats
  A frilled lizard (D:1)
  10 goblins
  3 rats
26 creatures vanquished.
